 Dungeon Crawl Stone Soup version 0.21-a0-238-geb0acef (webtiles) character file.

3 Wulfgar the Sneak (level 1, 0/9 HPs)
             Began as a Spriggan Enchanter on Sept 3, 2017.
             Slain by a bat (1 damage)
             ... on level 1 of the Dungeon.
             The game lasted 00:01:19 (87 turns).

Wulfgar the Sneak (Spriggan Enchanter)                Turns: 87, Time: 00:01:20

Health: 0/9        AC:  2    Str:  4    XL:     1   Next: 41%
Magic:  1/5        EV: 18    Int: 16    God:
Gold:   0          SH:  0    Dex: 16    Spells: 4/5 levels left

rFire    . . .     SeeInvis +   a - +1 dagger
rCold    . . .     Gourm    .   (shield restricted)
rNeg     . . .     Faith    .   b - +0 robe
rPois    .         Spirit   .   (helmet restricted)
rElec    .         Reflect  .   (no cloak)
rCorr    .         Harm     .   (gloves unavailable)
MR       .....                  (boots unavailable)
Stlth    +++.......             (no amulet)
HPRegen  0.03/turn              (no ring)
MPRegen  0.09/turn              (no ring)

@: very quick
A: unfitting armour, see invisible, herbivore 3, speed 3, slow metabolism 2
a: no special abilities


You were on level 1 of the Dungeon.
You were not hungry.

You visited 1 branch of the dungeon, and saw 1 of its levels.

Inventory:

Hand Weapons
 a - a +1 dagger (weapon)
Armour
 b - a +0 robe (worn)
Potions
 e - a potion of degeneration {unknown}
Books
 c - a book of Maledictions

   Spells                             Type                      Level
   a - Corona                         Hexes                        1
   b - Ensorcelled Hibernation        Hexes/Ice                    2
   c - Confuse                        Hexes                        3
   d - Tukima's Dance                 Hexes                        3
   e - Dazzling Spray                 Conjuration/Hexes            3
Comestibles
 d - a bread ration


   Skills:
 * Level 1.2 Short Blades
 - Level 3.0 Dodging
 + Level 4.6 Stealth
 + Level 2.6 Spellcasting
 + Level 3.7 Hexes


You had 4 spell levels left.
You knew the following spells:

 Your Spells              Type           Power        Failure   Level  Hunger
a - Corona                Hex            ##.....      4%          1    #......


Dungeon Overview and Level Annotations

Branches:
Dungeon (1/15)

Altars:


Innate Abilities, Weirdness & Mutations

You are very small and have problems with some larger weapons.
You are too small for most types of armour.
You have supernaturally acute eyesight. (SInv)
You are a herbivore.
You cover ground extremely quickly.
You need consume almost no food.


Message History

Things that are here:
a dagger; a goblin corpse The goblin closely misses you.
The bat hits you but does no damage.
You are too injured to fight recklessly!
Casting: Corona
Confirm with . or Enter, or press ? or * to list all spells.
Aiming: Corona
Press: ? - help, Shift-Dir - straight line, f - goblin
Aim: a goblin (chance to defeat MR: 67%)
The goblin is outlined in light.
The bat completely misses you. The bat closely misses you.
The goblin hits you but does no damage.
You are too injured to fight recklessly!
You are too injured to fight recklessly!
You are too injured to fight recklessly!
You hit the goblin.
You kill the goblin!
The bat barely misses you.
The bat stops glowing.
The bat hits you.
You die...

# #. ....... #. ##.
....... #.♣# #.. ......$
♣♣.♣♣ #.. .......
♣#♣♣.♣.♣#♣♣##.. .......
...........≈♣#.####.......
...........#♣#........#
..#######..# #...b....#
..#..P..#..♣♣#..@)....#
..#.<...#...#♣........#
..#.....#..♣.#........#
..#.....'...♣♣........#
..#...P.#..♣##........#
..####+##..♣ #........#
...........♣♣#..!.....##
............♣#......!....
♣♣♣♣.#.♣≈##..............


You could see a bat.

Vanquished Creatures
  3 goblins (D:1)
3 creatures vanquished.

Notes
Turn   | Place    | Note
-------+----------+-------------------------------------------
     0 | D:1      | Wulfgar the Spriggan Enchanter began the quest for the Orb.
     0 | D:1      | Reached XP level 1. HP: 9/9 MP: 5/5
    87 | D:1      | Slain by a bat

Vault maps used:
D:1:      saegor_arrival_under_anarchy

Action                   || total
-------------------------++-------
Melee: Dagger            ||    12
 Cast: Corona            ||     6
Armor: Robe              ||     7
Dodge: Dodged            ||    28

Table legend:
 A = Spawn XP
 B = Non-spawn XP
 C = Spawn XP percentage of total XP
 D = Spawn monster count
 E = Non-spawn monster count
 F = Spawn count percentage of total count
 G = Total turns spent on level
                    A         B        C        D         E        F      G
               +---------+---------+-------+---------+---------+-------+---------
         Total |       0 |       5 |   0.0 |       0 |       3 |   0.0 |    87
               +---------+---------+-------+---------+---------+-------+---------
           D:1 |       0 |       5 |   0.0 |       0 |       3 |   0.0 |    87
               +---------+---------+-------+---------+---------+-------+---------
